Workbook

Sheet Controle de Aluguéis
A1: ID Lançamento | B1: Competência | C1: Vencimento | D1: Data do Pagamento | E1: ID Imóvel | F1: Imóvel | G1: Inquilino | H1: Cidade/UF | I1: Valor do Aluguel | J1: Encargos | K1: Desconto | L1: Valor Cobrado | M1: Valor Recebido | N1: Saldo | O1: Status | P1: Dias em Atraso | Q1: Forma de Pagamento | R1: Observações
A2: L001 | B2: 46023 | C2: 46027 | D2: 46027 | E2: IM001 | F2: =IF(E2="","",IFERROR(VLOOKUP(E2,'Cadastro de Imóveis'!$A$2:$H$101,2,FALSE),"Imóvel não encontrado")) | G2: =IF(E2="","",IFERROR(VLOOKUP(E2,'Cadastro de Imóveis'!$A$2:$H$101,3,FALSE),"")) | H2: =IF(E2="","",IFERROR(VLOOKUP(E2,'Cadastro de Imóveis'!$A$2:$H$101,4,FALSE),"")) | I2: 4800 | J2: 320 | K2: 0 | L2: =IF(OR(E2="",I2=""),"",IFERROR(I2+J2-K2,0)) | M2: 5120 | N2: =IF(L2="","",IFERROR(L2-M2,0)) | O2: =IF(OR(E2="",C2="",L2=""),"",IFERROR(IF(M2>=L2,"Pago",IF(TODAY()>C2,"Em atraso","Em aberto")),"")) | P2: =IF(O2="","",IF(O2="Em atraso",IFERROR(TODAY()-C2,0),0)) | Q2: Pix | R2: Recebido no vencimento
A3: L002 | B3: 46054 | C3: 46063 | D3: 46063 | E3: IM002 | F3: =IF(E3="","",IFERROR(VLOOKUP(E3,'Cadastro de Imóveis'!$A$2:$H$101,2,FALSE),"Imóvel não encontrado")) | G3: =IF(E3="","",IFERROR(VLOOKUP(E3,'Cadastro de Imóveis'!$A$2:$H$101,3,FALSE),"")) | H3: =IF(E3="","",IFERROR(VLOOKUP(E3,'Cadastro de Imóveis'!$A$2:$H$101,4,FALSE),"")) | I3: 2750 | J3: 120 | K3: 0 | L3: =IF(OR(E3="",I3=""),"",IFERROR(I3+J3-K3,0)) | M3: 2870 | N3: =IF(L3="","",IFERROR(L3-M3,0)) | O3: =IF(OR(E3="",C3="",L3=""),"",IFERROR(IF(M3>=L3,"Pago",IF(TODAY()>C3,"Em atraso","Em aberto")),"")) | P3: =IF(O3="","",IF(O3="Em atraso",IFERROR(TODAY()-C3,0),0)) | Q3: Boleto | R3: Pagamento confirmado
A4: L003 | B4: 46082 | C4: 46089 | D4: 46093 | E4: IM003 | F4: =IF(E4="","",IFERROR(VLOOKUP(E4,'Cadastro de Imóveis'!$A$2:$H$101,2,FALSE),"Imóvel não encontrado")) | G4: =IF(E4="","",IFERROR(VLOOKUP(E4,'Cadastro de Imóveis'!$A$2:$H$101,3,FALSE),"")) | H4: =IF(E4="","",IFERROR(VLOOKUP(E4,'Cadastro de Imóveis'!$A$2:$H$101,4,FALSE),"")) | I4: 3900 | J4: 200 | K4: 100 | L4: =IF(OR(E4="",I4=""),"",IFERROR(I4+J4-K4,0)) | M4: 4000 | N4: =IF(L4="","",IFERROR(L4-M4,0)) | O4: =IF(OR(E4="",C4="",L4=""),"",IFERROR(IF(M4>=L4,"Pago",IF(TODAY()>C4,"Em atraso","Em aberto")),"")) | P4: =IF(O4="","",IF(O4="Em atraso",IFERROR(TODAY()-C4,0),0)) | Q4: Transferência | R4: Desconto comercial aplicado
A5: L004 | B5: 46113 | C5: 46127 | E5: IM004 | F5: =IF(E5="","",IFERROR(VLOOKUP(E5,'Cadastro de Imóveis'!$A$2:$H$101,2,FALSE),"Imóvel não encontrado")) | G5: =IF(E5="","",IFERROR(VLOOKUP(E5,'Cadastro de Imóveis'!$A$2:$H$101,3,FALSE),"")) | H5: =IF(E5="","",IFERROR(VLOOKUP(E5,'Cadastro de Imóveis'!$A$2:$H$101,4,FALSE),"")) | I5: 3200 | J5: 0 | K5: 0 | L5: =IF(OR(E5="",I5=""),"",IFERROR(I5+J5-K5,0)) | M5: 0 | N5: =IF(L5="","",IFERROR(L5-M5,0)) | O5: =IF(OR(E5="",C5="",L5=""),"",IFERROR(IF(M5>=L5,"Pago",IF(TODAY()>C5,"Em atraso","Em aberto")),"")) | P5: =IF(O5="","",IF(O5="Em atraso",IFERROR(TODAY()-C5,0),0)) | Q5: Boleto | R5: Cobrança pendente
A6: L005 | B6: 46143 | C6: 46147 | D6: 46147 | E6: IM001 | F6: =IF(E6="","",IFERROR(VLOOKUP(E6,'Cadastro de Imóveis'!$A$2:$H$101,2,FALSE),"Imóvel não encontrado")) | G6: =IF(E6="","",IFERROR(VLOOKUP(E6,'Cadastro de Imóveis'!$A$2:$H$101,3,FALSE),"")) | H6: =IF(E6="","",IFERROR(VLOOKUP(E6,'Cadastro de Imóveis'!$A$2:$H$101,4,FALSE),"")) | I6: 4800 | J6: 320 | K6: 200 | L6: =IF(OR(E6="",I6=""),"",IFERROR(I6+J6-K6,0)) | M6: 4920 | N6: =IF(L6="","",IFERROR(L6-M6,0)) | O6: =IF(OR(E6="",C6="",L6=""),"",IFERROR(IF(M6>=L6,"Pago",IF(TODAY()>C6,"Em atraso","Em aberto")),"")) | P6: =IF(O6="","",IF(O6="Em atraso",IFERROR(TODAY()-C6,0),0)) | Q6: Pix | R6: Acordo de desconto registrado
A7: L006 | B7: 46174 | C7: 46183 | D7: 46185 | E7: IM002 | F7: =IF(E7="","",IFERROR(VLOOKUP(E7,'Cadastro de Imóveis'!$A$2:$H$101,2,FALSE),"Imóvel não encontrado")) | G7: =IF(E7="","",IFERROR(VLOOKUP(E7,'Cadastro de Imóveis'!$A$2:$H$101,3,FALSE),"")) | H7: =IF(E7="","",IFERROR(VLOOKUP(E7,'Cadastro de Imóveis'!$A$2:$H$101,4,FALSE),"")) | I7: 2750 | J7: 100 | K7: 0 | L7: =IF(OR(E7="",I7=""),"",IFERROR(I7+J7-K7,0)) | M7: 2850 | N7: =IF(L7="","",IFERROR(L7-M7,0)) | O7: =IF(OR(E7="",C7="",L7=""),"",IFERROR(IF(M7>=L7,"Pago",IF(TODAY()>C7,"Em atraso","Em aberto")),"")) | P7: =IF(O7="","",IF(O7="Em atraso",IFERROR(TODAY()-C7,0),0)) | Q7: Transferência | R7: Pagamento recebido após o vencimento
A8: L007 | B8: 46204 | C8: 46211 | D8: 46218 | E8: IM003 | F8: =IF(E8="","",IFERROR(VLOOKUP(E8,'Cadastro de Imóveis'!$A$2:$H$101,2,FALSE),"Imóvel não encontrado")) | G8: =IF(E8="","",IFERROR(VLOOKUP(E8,'Cadastro de Imóveis'!$A$2:$H$101,3,FALSE),"")) | H8: =IF(E8="","",IFERROR(VLOOKUP(E8,'Cadastro de Imóveis'!$A$2:$H$101,4,FALSE),"")) | I8: 3900 | J8: 150 | K8: 0 | L8: =IF(OR(E8="",I8=""),"",IFERROR(I8+J8-K8,0)) | M8: 2000 | N8: =IF(L8="","",IFERROR(L8-M8,0)) | O8: =IF(OR(E8="",C8="",L8=""),"",IFERROR(IF(M8>=L8,"Pago",IF(TODAY()>C8,"Em atraso","Em aberto")),"")) | P8: =IF(O8="","",IF(O8="Em atraso",IFERROR(TODAY()-C8,0),0)) | Q8: Boleto | R8: Pagamento parcial recebido
A9: L008 | B9: 46235 | C9: 46249 | E9: IM004 | F9: =IF(E9="","",IFERROR(VLOOKUP(E9,'Cadastro de Imóveis'!$A$2:$H$101,2,FALSE),"Imóvel não encontrado")) | G9: =IF(E9="","",IFERROR(VLOOKUP(E9,'Cadastro de Imóveis'!$A$2:$H$101,3,FALSE),"")) | H9: =IF(E9="","",IFERROR(VLOOKUP(E9,'Cadastro de Imóveis'!$A$2:$H$101,4,FALSE),"")) | I9: 3200 | J9: 0 | K9: 0 | L9: =IF(OR(E9="",I9=""),"",IFERROR(I9+J9-K9,0)) | M9: 0 | N9: =IF(L9="","",IFERROR(L9-M9,0)) | O9: =IF(OR(E9="",C9="",L9=""),"",IFERROR(IF(M9>=L9,"Pago",IF(TODAY()>C9,"Em atraso","Em aberto")),"")) | P9: =IF(O9="","",IF(O9="Em atraso",IFERROR(TODAY()-C9,0),0)) | Q9: Boleto | R9: Em cobrança
A10: L009 | B10: 46235 | C10: 46280 | E10: IM001 | F10: =IF(E10="","",IFERROR(VLOOKUP(E10,'Cadastro de Imóveis'!$A$2:$H$101,2,FALSE),"Imóvel não encontrado")) | G10: =IF(E10="","",IFERROR(VLOOKUP(E10,'Cadastro de Imóveis'!$A$2:$H$101,3,FALSE),"")) | H10: =IF(E10="","",IFERROR(VLOOKUP(E10,'Cadastro de Imóveis'!$A$2:$H$101,4,FALSE),"")) | I10: 4800 | J10: 320 | K10: 0 | L10: =IF(OR(E10="",I10=""),"",IFERROR(I10+J10-K10,0)) | M10: 0 | N10: =IF(L10="","",IFERROR(L10-M10,0)) | O10: =IF(OR(E10="",C10="",L10=""),"",IFERROR(IF(M10>=L10,"Pago",IF(TODAY()>C10,"Em atraso","Em aberto")),"")) | P10: =IF(O10="","",IF(O10="Em atraso",IFERROR(TODAY()-C10,0),0)) | Q10: Pix | R10: Vencimento programado
A11: L010 | B11: 46235 | C11: 46290 | D11: 46270 | E11: IM002 | F11: =IF(E11="","",IFERROR(VLOOKUP(E11,'Cadastro de Imóveis'!$A$2:$H$101,2,FALSE),"Imóvel não encontrado")) | G11: =IF(E11="","",IFERROR(VLOOKUP(E11,'Cadastro de Imóveis'!$A$2:$H$101,3,FALSE),"")) | H11: =IF(E11="","",IFERROR(VLOOKUP(E11,'Cadastro de Imóveis'!$A$2:$H$101,4,FALSE),"")) | I11: 2750 | J11: 120 | K11: 70 | L11: =IF(OR(E11="",I11=""),"",IFERROR(I11+J11-K11,0)) | M11: 2800 | N11: =IF(L11="","",IFERROR(L11-M11,0)) | O11: =IF(OR(E11="",C11="",L11=""),"",IFERROR(IF(M11>=L11,"Pago",IF(TODAY()>C11,"Em atraso","Em aberto")),"")) | P11: =IF(O11="","",IF(O11="Em atraso",IFERROR(TODAY()-C11,0),0)) | Q11: Cartão | R11: Pagamento antecipado confirmado
F12: =IF(E12="","",IFERROR(VLOOKUP(E12,'Cadastro de Imóveis'!$A$2:$H$101,2,FALSE),"Imóvel não encontrado")) | G12: =IF(E12="","",IFERROR(VLOOKUP(E12,'Cadastro de Imóveis'!$A$2:$H$101,3,FALSE),"")) | H12: =IF(E12="","",IFERROR(VLOOKUP(E12,'Cadastro de Imóveis'!$A$2:$H$101,4,FALSE),"")) | L12: =IF(OR(E12="",I12=""),"",IFERROR(I12+J12-K12,0)) | N12: =IF(L12="","",IFERROR(L12-M12,0)) | O12: =IF(OR(E12="",C12="",L12=""),"",IFERROR(IF(M12>=L12,"Pago",IF(TODAY()>C12,"Em atraso","Em aberto")),"")) | P12: =IF(O12="","",IF(O12="Em atraso",IFERROR(TODAY()-C12,0),0))
F13: =IF(E13="","",IFERROR(VLOOKUP(E13,'Cadastro de Imóveis'!$A$2:$H$101,2,FALSE),"Imóvel não encontrado")) | G13: =IF(E13="","",IFERROR(VLOOKUP(E13,'Cadastro de Imóveis'!$A$2:$H$101,3,FALSE),"")) | H13: =IF(E13="","",IFERROR(VLOOKUP(E13,'Cadastro de Imóveis'!$A$2:$H$101,4,FALSE),"")) | L13: =IF(OR(E13="",I13=""),"",IFERROR(I13+J13-K13,0)) | N13: =IF(L13="","",IFERROR(L13-M13,0)) | O13: =IF(OR(E13="",C13="",L13=""),"",IFERROR(IF(M13>=L13,"Pago",IF(TODAY()>C13,"Em atraso","Em aberto")),"")) | P13: =IF(O13="","",IF(O13="Em atraso",IFERROR(TODAY()-C13,0),0))
F14: =IF(E14="","",IFERROR(VLOOKUP(E14,'Cadastro de Imóveis'!$A$2:$H$101,2,FALSE),"Imóvel não encontrado")) | G14: =IF(E14="","",IFERROR(VLOOKUP(E14,'Cadastro de Imóveis'!$A$2:$H$101,3,FALSE),"")) | H14: =IF(E14="","",IFERROR(VLOOKUP(E14,'Cadastro de Imóveis'!$A$2:$H$101,4,FALSE),"")) | L14: =IF(OR(E14="",I14=""),"",IFERROR(I14+J14-K14,0)) | N14: =IF(L14="","",IFERROR(L14-M14,0)) | O14: =IF(OR(E14="",C14="",L14=""),"",IFERROR(IF(M14>=L14,"Pago",IF(TODAY()>C14,"Em atraso","Em aberto")),"")) | P14: =IF(O14="","",IF(O14="Em atraso",IFERROR(TODAY()-C14,0),0))
F15: =IF(E15="","",IFERROR(VLOOKUP(E15,'Cadastro de Imóveis'!$A$2:$H$101,2,FALSE),"Imóvel não encontrado")) | G15: =IF(E15="","",IFERROR(VLOOKUP(E15,'Cadastro de Imóveis'!$A$2:$H$101,3,FALSE),"")) | H15: =IF(E15="","",IFERROR(VLOOKUP(E15,'Cadastro de Imóveis'!$A$2:$H$101,4,FALSE),"")) | L15: =IF(OR(E15="",I15=""),"",IFERROR(I15+J15-K15,0)) | N15: =IF(L15="","",IFERROR(L15-M15,0)) | O15: =IF(OR(E15="",C15="",L15=""),"",IFERROR(IF(M15>=L15,"Pago",IF(TODAY()>C15,"Em atraso","Em aberto")),"")) | P15: =IF(O15="","",IF(O15="Em atraso",IFERROR(TODAY()-C15,0),0))
F16: =IF(E16="","",IFERROR(VLOOKUP(E16,'Cadastro de Imóveis'!$A$2:$H$101,2,FALSE),"Imóvel não encontrado")) | G16: =IF(E16="","",IFERROR(VLOOKUP(E16,'Cadastro de Imóveis'!$A$2:$H$101,3,FALSE),"")) | H16: =IF(E16="","",IFERROR(VLOOKUP(E16,'Cadastro de Imóveis'!$A$2:$H$101,4,FALSE),"")) | L16: =IF(OR(E16="",I16=""),"",IFERROR(I16+J16-K16,0)) | N16: =IF(L16="","",IFERROR(L16-M16,0)) | O16: =IF(OR(E16="",C16="",L16=""),"",IFERROR(IF(M16>=L16,"Pago",IF(TODAY()>C16,"Em atraso","Em aberto")),"")) | P16: =IF(O16="","",IF(O16="Em atraso",IFERROR(TODAY()-C16,0),0))
F17: =IF(E17="","",IFERROR(VLOOKUP(E17,'Cadastro de Imóveis'!$A$2:$H$101,2,FALSE),"Imóvel não encontrado")) | G17: =IF(E17="","",IFERROR(VLOOKUP(E17,'Cadastro de Imóveis'!$A$2:$H$101,3,FALSE),"")) | H17: =IF(E17="","",IFERROR(VLOOKUP(E17,'Cadastro de Imóveis'!$A$2:$H$101,4,FALSE),"")) | L17: =IF(OR(E17="",I17=""),"",IFERROR(I17+J17-K17,0)) | N17: =IF(L17="","",IFERROR(L17-M17,0)) | O17: =IF(OR(E17="",C17="",L17=""),"",IFERROR(IF(M17>=L17,"Pago",IF(TODAY()>C17,"Em atraso","Em aberto")),"")) | P17: =IF(O17="","",IF(O17="Em atraso",IFERROR(TODAY()-C17,0),0))
F18: =IF(E18="","",IFERROR(VLOOKUP(E18,'Cadastro de Imóveis'!$A$2:$H$101,2,FALSE),"Imóvel não encontrado")) | G18: =IF(E18="","",IFERROR(VLOOKUP(E18,'Cadastro de Imóveis'!$A$2:$H$101,3,FALSE),"")) | H18: =IF(E18="","",IFERROR(VLOOKUP(E18,'Cadastro de Imóveis'!$A$2:$H$101,4,FALSE),"")) | L18: =IF(OR(E18="",I18=""),"",IFERROR(I18+J18-K18,0)) | N18: =IF(L18="","",IFERROR(L18-M18,0)) | O18: =IF(OR(E18="",C18="",L18=""),"",IFERROR(IF(M18>=L18,"Pago",IF(TODAY()>C18,"Em atraso","Em aberto")),"")) | P18: =IF(O18="","",IF(O18="Em atraso",IFERROR(TODAY()-C18,0),0))
F19: =IF(E19="","",IFERROR(VLOOKUP(E19,'Cadastro de Imóveis'!$A$2:$H$101,2,FALSE),"Imóvel não encontrado")) | G19: =IF(E19="","",IFERROR(VLOOKUP(E19,'Cadastro de Imóveis'!$A$2:$H$101,3,FALSE),"")) | H19: =IF(E19="","",IFERROR(VLOOKUP(E19,'Cadastro de Imóveis'!$A$2:$H$101,4,FALSE),"")) | L19: =IF(OR(E19="",I19=""),"",IFERROR(I19+J19-K19,0)) | N19: =IF(L19="","",IFERROR(L19-M19,0)) | O19: =IF(OR(E19="",C19="",L19=""),"",IFERROR(IF(M19>=L19,"Pago",IF(TODAY()>C19,"Em atraso","Em aberto")),"")) | P19: =IF(O19="","",IF(O19="Em atraso",IFERROR(TODAY()-C19,0),0))
F20: =IF(E20="","",IFERROR(VLOOKUP(E20,'Cadastro de Imóveis'!$A$2:$H$101,2,FALSE),"Imóvel não encontrado")) | G20: =IF(E20="","",IFERROR(VLOOKUP(E20,'Cadastro de Imóveis'!$A$2:$H$101,3,FALSE),"")) | H20: =IF(E20="","",IFERROR(VLOOKUP(E20,'Cadastro de Imóveis'!$A$2:$H$101,4,FALSE),"")) | L20: =IF(OR(E20="",I20=""),"",IFERROR(I20+J20-K20,0)) | N20: =IF(L20="","",IFERROR(L20-M20,0)) | O20: =IF(OR(E20="",C20="",L20=""),"",IFERROR(IF(M20>=L20,"Pago",IF(TODAY()>C20,"Em atraso","Em aberto")),"")) | P20: =IF(O20="","",IF(O20="Em atraso",IFERROR(TODAY()-C20,0),0))
F21: =IF(E21="","",IFERROR(VLOOKUP(E21,'Cadastro de Imóveis'!$A$2:$H$101,2,FALSE),"Imóvel não encontrado")) | G21: =IF(E21="","",IFERROR(VLOOKUP(E21,'Cadastro de Imóveis'!$A$2:$H$101,3,FALSE),"")) | H21: =IF(E21="","",IFERROR(VLOOKUP(E21,'Cadastro de Imóveis'!$A$2:$H$101,4,FALSE),"")) | L21: =IF(OR(E21="",I21=""),"",IFERROR(I21+J21-K21,0)) | N21: =IF(L21="","",IFERROR(L21-M21,0)) | O21: =IF(OR(E21="",C21="",L21=""),"",IFERROR(IF(M21>=L21,"Pago",IF(TODAY()>C21,"Em atraso","Em aberto")),"")) | P21: =IF(O21="","",IF(O21="Em atraso",IFERROR(TODAY()-C21,0),0))
F22: =IF(E22="","",IFERROR(VLOOKUP(E22,'Cadastro de Imóveis'!$A$2:$H$101,2,FALSE),"Imóvel não encontrado")) | G22: =IF(E22="","",IFERROR(VLOOKUP(E22,'Cadastro de Imóveis'!$A$2:$H$101,3,FALSE),"")) | H22: =IF(E22="","",IFERROR(VLOOKUP(E22,'Cadastro de Imóveis'!$A$2:$H$101,4,FALSE),"")) | L22: =IF(OR(E22="",I22=""),"",IFERROR(I22+J22-K22,0)) | N22: =IF(L22="","",IFERROR(L22-M22,0)) | O22: =IF(OR(E22="",C22="",L22=""),"",IFERROR(IF(M22>=L22,"Pago",IF(TODAY()>C22,"Em atraso","Em aberto")),"")) | P22: =IF(O22="","",IF(O22="Em atraso",IFERROR(TODAY()-C22,0),0))
F23: =IF(E23="","",IFERROR(VLOOKUP(E23,'Cadastro de Imóveis'!$A$2:$H$101,2,FALSE),"Imóvel não encontrado")) | G23: =IF(E23="","",IFERROR(VLOOKUP(E23,'Cadastro de Imóveis'!$A$2:$H$101,3,FALSE),"")) | H23: =IF(E23="","",IFERROR(VLOOKUP(E23,'Cadastro de Imóveis'!$A$2:$H$101,4,FALSE),"")) | L23: =IF(OR(E23="",I23=""),"",IFERROR(I23+J23-K23,0)) | N23: =IF(L23="","",IFERROR(L23-M23,0)) | O23: =IF(OR(E23="",C23="",L23=""),"",IFERROR(IF(M23>=L23,"Pago",IF(TODAY()>C23,"Em atraso","Em aberto")),"")) | P23: =IF(O23="","",IF(O23="Em atraso",IFERROR(TODAY()-C23,0),0))
... F101: =IF(E101="","",IFERROR(VLOOKUP(E101,'Cadastro de Imóveis'!$A$2:$H$101,2,FALSE),"Imóvel não encontrado")) | G101: =IF(E101="","",IFERROR(VLOOKUP(E101,'Cadastro de Imóveis'!$A$2:$H$101,3,FALSE),"")) | H101: =IF(E101="","",IFERROR(VLOOKUP(E101,'Cadastro de Imóveis'!$A$2:$H$101,4,FALSE),"")) | L101: =IF(OR(E101="",I101=""),"",IFERROR(I101+J101-K101,0)) | N101: =IF(L101="","",IFERROR(L101-M101,0)) | O101: =IF(OR(E101="",C101="",L101=""),"",IFERROR(IF(M101>=L101,"Pago",IF(TODAY()>C101,"Em atraso","Em aberto")),"")) | P101: =IF(O101="","",IF(O101="Em atraso",IFERROR(TODAY()-C101,0),0))

Sheet Cadastro de Imóveis
A1: ID Imóvel | B1: Imóvel | C1: Inquilino | D1: Cidade/UF | E1: Tipo | F1: Valor Base do Aluguel | G1: Dia de Vencimento | H1: Situação
A2: IM001 | B2: Sala Comercial Centro | C2: Comércio Alfa Ltda. | D2: São Paulo/SP | E2: Sala comercial | F2: 4800 | G2: 5 | H2: Ativo
A3: IM002 | B3: Apartamento Vila Mariana | C3: Mariana Souza | D3: São Paulo/SP | E3: Residencial | F3: 2750 | G3: 10 | H3: Ativo
A4: IM003 | B4: Loja Cambuí | C4: Studio Criativo ME | D4: Campinas/SP | E4: Loja | F4: 3900 | G4: 8 | H4: Ativo
A5: IM004 | B5: Galpão Barreiro | C5: Oficina Horizonte | D5: Belo Horizonte/MG | E5: Galpão | F5: 3200 | G5: 15 | H5: Ativo

Sheet Resumo
A1: Resumo do Controle de Aluguéis
A3: Indicador | B3: Valor
A4: Total cobrado | B4: =SUM('Controle de Aluguéis'!$L$2:$L$101)
A5: Total recebido | B5: =SUM('Controle de Aluguéis'!$M$2:$M$101)
A6: Total em aberto | B6: =SUMIF('Controle de Aluguéis'!$O$2:$O$101,"Em aberto",'Controle de Aluguéis'!$N$2:$N$101)
A7: Total em atraso | B7: =SUMIF('Controle de Aluguéis'!$O$2:$O$101,"Em atraso",'Controle de Aluguéis'!$N$2:$N$101)
A8: Quantidade de pagamentos em atraso | B8: =COUNTIF('Controle de Aluguéis'!$O$2:$O$101,"Em atraso")
A9: Média do valor cobrado | B9: =IFERROR(AVERAGE('Controle de Aluguéis'!$L$2:$L$101),0)
A10: Visão por imóvel | B10: =IFERROR(SUM('Controle de Aluguéis'!$M$2:$M$101)/SUM('Controle de Aluguéis'!$L$2:$L$101),0)
A11: ID Imóvel | B11: Imóvel | C11: Total Cobrado | D11: Total Recebido | E11: Saldo
A12: =IF('Cadastro de Imóveis'!A2="","",'Cadastro de Imóveis'!A2) | B12: =IF(A12="","",IFERROR(VLOOKUP(A12,'Cadastro de Imóveis'!$A$2:$H$101,2,FALSE),"")) | C12: =IF(A12="","",SUMIF('Controle de Aluguéis'!$E$2:$E$101,A12,'Controle de Aluguéis'!$L$2:$L$101)) | D12: =IF(A12="","",SUMIF('Controle de Aluguéis'!$E$2:$E$101,A12,'Controle de Aluguéis'!$M$2:$M$101)) | E12: =IF(A12="","",IFERROR(C12-D12,0))
A13: =IF('Cadastro de Imóveis'!A3="","",'Cadastro de Imóveis'!A3) | B13: =IF(A13="","",IFERROR(VLOOKUP(A13,'Cadastro de Imóveis'!$A$2:$H$101,2,FALSE),"")) | C13: =IF(A13="","",SUMIF('Controle de Aluguéis'!$E$2:$E$101,A13,'Controle de Aluguéis'!$L$2:$L$101)) | D13: =IF(A13="","",SUMIF('Controle de Aluguéis'!$E$2:$E$101,A13,'Controle de Aluguéis'!$M$2:$M$101)) | E13: =IF(A13="","",IFERROR(C13-D13,0))
A14: =IF('Cadastro de Imóveis'!A4="","",'Cadastro de Imóveis'!A4) | B14: =IF(A14="","",IFERROR(VLOOKUP(A14,'Cadastro de Imóveis'!$A$2:$H$101,2,FALSE),"")) | C14: =IF(A14="","",SUMIF('Controle de Aluguéis'!$E$2:$E$101,A14,'Controle de Aluguéis'!$L$2:$L$101)) | D14: =IF(A14="","",SUMIF('Controle de Aluguéis'!$E$2:$E$101,A14,'Controle de Aluguéis'!$M$2:$M$101)) | E14: =IF(A14="","",IFERROR(C14-D14,0))
A15: =IF('Cadastro de Imóveis'!A5="","",'Cadastro de Imóveis'!A5) | B15: =IF(A15="","",IFERROR(VLOOKUP(A15,'Cadastro de Imóveis'!$A$2:$H$101,2,FALSE),"")) | C15: =IF(A15="","",SUMIF('Controle de Aluguéis'!$E$2:$E$101,A15,'Controle de Aluguéis'!$L$2:$L$101)) | D15: =IF(A15="","",SUMIF('Controle de Aluguéis'!$E$2:$E$101,A15,'Controle de Aluguéis'!$M$2:$M$101)) | E15: =IF(A15="","",IFERROR(C15-D15,0))
A16: =IF('Cadastro de Imóveis'!A6="","",'Cadastro de Imóveis'!A6) | B16: =IF(A16="","",IFERROR(VLOOKUP(A16,'Cadastro de Imóveis'!$A$2:$H$101,2,FALSE),"")) | C16: =IF(A16="","",SUMIF('Controle de Aluguéis'!$E$2:$E$101,A16,'Controle de Aluguéis'!$L$2:$L$101)) | D16: =IF(A16="","",SUMIF('Controle de Aluguéis'!$E$2:$E$101,A16,'Controle de Aluguéis'!$M$2:$M$101)) | E16: =IF(A16="","",IFERROR(C16-D16,0))
A17: =IF('Cadastro de Imóveis'!A7="","",'Cadastro de Imóveis'!A7) | B17: =IF(A17="","",IFERROR(VLOOKUP(A17,'Cadastro de Imóveis'!$A$2:$H$101,2,FALSE),"")) | C17: =IF(A17="","",SUMIF('Controle de Aluguéis'!$E$2:$E$101,A17,'Controle de Aluguéis'!$L$2:$L$101)) | D17: =IF(A17="","",SUMIF('Controle de Aluguéis'!$E$2:$E$101,A17,'Controle de Aluguéis'!$M$2:$M$101)) | E17: =IF(A17="","",IFERROR(C17-D17,0))
A18: =IF('Cadastro de Imóveis'!A8="","",'Cadastro de Imóveis'!A8) | B18: =IF(A18="","",IFERROR(VLOOKUP(A18,'Cadastro de Imóveis'!$A$2:$H$101,2,FALSE),"")) | C18: =IF(A18="","",SUMIF('Controle de Aluguéis'!$E$2:$E$101,A18,'Controle de Aluguéis'!$L$2:$L$101)) | D18: =IF(A18="","",SUMIF('Controle de Aluguéis'!$E$2:$E$101,A18,'Controle de Aluguéis'!$M$2:$M$101)) | E18: =IF(A18="","",IFERROR(C18-D18,0))
A19: =IF('Cadastro de Imóveis'!A9="","",'Cadastro de Imóveis'!A9) | B19: =IF(A19="","",IFERROR(VLOOKUP(A19,'Cadastro de Imóveis'!$A$2:$H$101,2,FALSE),"")) | C19: =IF(A19="","",SUMIF('Controle de Aluguéis'!$E$2:$E$101,A19,'Controle de Aluguéis'!$L$2:$L$101)) | D19: =IF(A19="","",SUMIF('Controle de Aluguéis'!$E$2:$E$101,A19,'Controle de Aluguéis'!$M$2:$M$101)) | E19: =IF(A19="","",IFERROR(C19-D19,0))
A20: =IF('Cadastro de Imóveis'!A10="","",'Cadastro de Imóveis'!A10) | B20: =IF(A20="","",IFERROR(VLOOKUP(A20,'Cadastro de Imóveis'!$A$2:$H$101,2,FALSE),"")) | C20: =IF(A20="","",SUMIF('Controle de Aluguéis'!$E$2:$E$101,A20,'Controle de Aluguéis'!$L$2:$L$101)) | D20: =IF(A20="","",SUMIF('Controle de Aluguéis'!$E$2:$E$101,A20,'Controle de Aluguéis'!$M$2:$M$101)) | E20: =IF(A20="","",IFERROR(C20-D20,0))
A21: =IF('Cadastro de Imóveis'!A11="","",'Cadastro de Imóveis'!A11) | B21: =IF(A21="","",IFERROR(VLOOKUP(A21,'Cadastro de Imóveis'!$A$2:$H$101,2,FALSE),"")) | C21: =IF(A21="","",SUMIF('Controle de Aluguéis'!$E$2:$E$101,A21,'Controle de Aluguéis'!$L$2:$L$101)) | D21: =IF(A21="","",SUMIF('Controle de Aluguéis'!$E$2:$E$101,A21,'Controle de Aluguéis'!$M$2:$M$101)) | E21: =IF(A21="","",IFERROR(C21-D21,0))
A22: =IF('Cadastro de Imóveis'!A12="","",'Cadastro de Imóveis'!A12) | B22: =IF(A22="","",IFERROR(VLOOKUP(A22,'Cadastro de Imóveis'!$A$2:$H$101,2,FALSE),"")) | C22: =IF(A22="","",SUMIF('Controle de Aluguéis'!$E$2:$E$101,A22,'Controle de Aluguéis'!$L$2:$L$101)) | D22: =IF(A22="","",SUMIF('Controle de Aluguéis'!$E$2:$E$101,A22,'Controle de Aluguéis'!$M$2:$M$101)) | E22: =IF(A22="","",IFERROR(C22-D22,0))
A23: =IF('Cadastro de Imóveis'!A13="","",'Cadastro de Imóveis'!A13) | B23: =IF(A23="","",IFERROR(VLOOKUP(A23,'Cadastro de Imóveis'!$A$2:$H$101,2,FALSE),"")) | C23: =IF(A23="","",SUMIF('Controle de Aluguéis'!$E$2:$E$101,A23,'Controle de Aluguéis'!$L$2:$L$101)) | D23: =IF(A23="","",SUMIF('Controle de Aluguéis'!$E$2:$E$101,A23,'Controle de Aluguéis'!$M$2:$M$101)) | E23: =IF(A23="","",IFERROR(C23-D23,0))
... A111: =IF('Cadastro de Imóveis'!A101="","",'Cadastro de Imóveis'!A101) | B111: =IF(A111="","",IFERROR(VLOOKUP(A111,'Cadastro de Imóveis'!$A$2:$H$101,2,FALSE),"")) | C111: =IF(A111="","",SUMIF('Controle de Aluguéis'!$E$2:$E$101,A111,'Controle de Aluguéis'!$L$2:$L$101)) | D111: =IF(A111="","",SUMIF('Controle de Aluguéis'!$E$2:$E$101,A111,'Controle de Aluguéis'!$M$2:$M$101)) | E111: =IF(A111="","",IFERROR(C111-D111,0))
